[ AOE2 MATCH · #508554975 ]
UnrankedBulgarians vs Sicilians
Player's team · WIN
Rival team · LOSS
[ REPLAY ANALYSIS · EXTRACTED FROM THE RECORDED GAME ]
Feudal
11:30
Castle
20:42
Imperial
—
| APM avg | 41.2 |
| APM peak | 85 |
| eAPM avg | 18.8 |
| Villagers / military | 55 / 15 |
Focus
⚔️ 24.9% · 🌾 75.1%
Militia ×15
Feudal
11:53
Castle
—
Imperial
—
| APM avg | 28.5 |
| APM peak | 53 |
| eAPM avg | 12.2 |
| Villagers / military | 40 / 12 |
Focus
⚔️ 23.8% · 🌾 76.2%
Serjeant ×12
Match map
Initial resources + every placement click. Lines = walls · curves = elevation contours. ◆ gold · ⬟ stone · ● berries · ✦ relic · ◌ wall gap
Your base· ✓ Closed at 20:42 · 48t walls · 6 gate(s)
massi2255's base· ✓ Closed at 12:00 · 1t walls · 2 gate(s)
Smoothed initial terrain · ◌ = detected wall gap · hover for details
Inputs per minute
— Combi | Paloma 52 - - massi2255
Build order — Combi | Paloma 52
127 actions detected in the replay
| 0:00 | Queue | Villager (Male) ×4 |
| 0:00 | Queue | Villager (Male) |
| 0:02 | Build | House |
| 0:04 | Build | House |
| 1:15 | Queue | Villager (Male) |
| 1:15 | Queue | Villager (Male) |
| 1:44 | Build | Lumber Camp |
| 2:01 | Build | House |
| 2:04 | Queue | Villager (Male) |
| 2:05 | Queue | Villager (Male) |
| 2:32 | Queue | Villager (Male) |
| 2:32 | Queue | Villager (Male) |
| 2:48 | Queue | Villager (Male) |
| 2:49 | Queue | Villager (Male) |
| 3:06 | Queue | Villager (Male) |
| 3:46 | Queue | Villager (Male) |
| 3:46 | Queue | Villager (Male) |
| 4:32 | Queue | Villager (Male) |
| 4:41 | Build | Barracks |
| 4:49 | Queue | Villager (Male) |
| 4:49 | Queue | Villager (Male) |
| 4:49 | Queue | Villager (Male) |
| 5:07 | Build | House |
| 5:14 | Queue | Villager (Male) |
| 5:42 | Queue | Villager (Male) |
| 6:16 | Queue | Villager (Male) |
| 6:23 | Queue | Villager (Male) |
| 6:28 | Queue | Militia |
| 6:28 | Queue | Militia |
| 6:29 | Queue | Militia |
| 6:34 | Build | House |
| 6:42 | Build | Mill |
| 7:17 | Queue | Villager (Male) |
| 7:30 | Queue | Militia |
| 7:30 | Queue | Militia |
| 7:30 | Queue | Militia |
| 7:36 | Build | Farm |
| 7:39 | Build | Farm |
| 7:58 | Queue | Villager (Male) |
| 8:15 | Queue | Villager (Male) |
| 8:43 | Queue | Militia |
| 8:47 | Build | House |
| 9:20 | Research | Feudal Age |
| 9:54 | Queue | Villager (Male) |
| 9:54 | Queue | Villager (Male) |
| 10:19 | Build | Farm |
| 10:24 | Build | Farm |
| 10:27 | Build | Farm |
| 10:56 | Build | Farm |
| 10:58 | Build | Farm |
| 11:06 | Queue | Villager (Male) |
| 11:30 | Age | Feudal Age |
| 11:32 | Research | Arson |
| 11:36 | Build | Blacksmith |
| 11:56 | Queue | Villager (Male) |
| 11:59 | Build | Farm |
| 12:04 | Research | Forging |
| 12:04 | Research | Forging |
| 12:36 | Queue | Villager (Male) |
| 12:38 | Build | Farm |
| 12:40 | Build | Farm |
| 13:10 | Queue | Villager (Male) |
| 13:15 | Build | Mining Camp |
| 13:22 | Queue | Villager (Male) |
| 13:26 | Build | Farm |
| 13:43 | Queue | Villager (Male) |
| 13:45 | Build | House |
| 14:33 | Queue | Villager (Male) |
| 14:33 | Queue | Villager (Male) |
| 15:01 | Queue | Villager (Male) |
| 15:04 | Build | Farm |
| 15:05 | Build | Farm |
| 15:14 | Build | Stone Wall |
| 15:15 | Queue | Villager (Male) |
| 15:19 | Research | Loom |
| 15:27 | Build | Stone Wall |
| 15:37 | Queue | Villager (Male) |
| 15:42 | Build | Farm |
| 15:44 | Build | Farm |
| 15:47 | Build | Market |
| 16:25 | Queue | Villager (Male) |
| 16:27 | Queue | Militia |
| 16:28 | Queue | Militia |
| 16:49 | Queue | Militia |
| 16:52 | Research | Scale Mail Armor |
| 16:56 | Build | Farm |
| 17:02 | Queue | Villager (Male) |
| 17:08 | Build | Gate |
| 17:10 | Queue | Villager (Male) |
| 17:15 | Build | House |
| 17:18 | Build | House |
| 17:24 | Build | Stone Wall |
| 17:26 | Build | Gate |
| 17:32 | Queue | Militia |
| 18:01 | Research | Castle Age |
| 18:06 | Queue | Militia |
| 18:06 | Queue | Militia |
| 18:26 | Queue | Villager (Male) |
| 18:37 | Build | Stone Wall |
| 18:40 | Queue | Villager (Male) |
| 18:45 | Research | Double-Bit Axe |
| 18:46 | Research | Horse Collar |
| 18:48 | Research | Wheelbarrow |
| 18:51 | Research | Gold Mining |
| 18:51 | Research | Stone Mining |
| 19:00 | Queue | Militia |
| 19:04 | Build | House |
| 19:20 | Queue | Militia |
| 19:40 | Build | Gate |
| 20:42 | Age | Castle Age |
| 20:42 | Research | Squires |
| 20:43 | Research | Squires |
| 20:52 | Queue | Villager (Male) |
| 20:57 | Build | Town Center |
| 20:59 | Queue | Villager (Male) |
| 21:02 | Build | Stone Wall |
| 21:04 | Build | Mining Camp |
| 21:13 | Queue | Villager (Male) |
| 21:13 | Queue | Villager (Male) |
| 22:08 | Research | Iron Casting |
| 22:17 | Queue | Villager (Male) |
| 22:22 | Queue | Villager (Male) |
| 22:23 | Queue | Villager (Male) |
| 22:25 | Queue | Villager (Male) |
| 22:25 | Queue | Villager (Male) |
| 22:27 | Queue | Villager (Male) |
| 22:30 | Build | Barracks |
Build order — massi2255
106 actions detected in the replay
| 0:00 | Queue | Villager (Male) |
| 0:02 | Build | House |
| 0:04 | Build | House |
| 0:19 | Queue | Villager (Male) |
| 0:19 | Queue | Villager (Male) |
| 0:20 | Queue | Villager (Male) |
| 1:28 | Queue | Villager (Male) |
| 2:09 | Queue | Villager (Male) |
| 2:33 | Queue | Villager (Male) |
| 3:19 | Queue | Villager (Male) |
| 3:45 | Queue | Villager (Male) |
| 4:13 | Queue | Villager (Male) |
| 4:30 | Build | House |
| 4:48 | Queue | Villager (Male) |
| 5:04 | Build | Mill |
| 5:12 | Queue | Villager (Male) |
| 5:32 | Queue | Villager (Male) |
| 5:52 | Queue | Villager (Male) |
| 5:52 | Queue | Villager (Male) |
| 6:32 | Build | Lumber Camp |
| 6:48 | Build | Mining Camp |
| 7:02 | Queue | Villager (Male) |
| 7:11 | Queue | Villager (Male) |
| 7:11 | Queue | Villager (Male) |
| 7:12 | Queue | Villager (Male) |
| 7:34 | Build | House |
| 8:01 | Queue | Villager (Male) |
| 8:21 | Queue | Villager (Male) |
| 8:45 | Build | House |
| 8:49 | Build | House |
| 8:51 | Build | Palisade Wall |
| 9:07 | Queue | Villager (Male) |
| 9:07 | Queue | Villager (Male) |
| 9:43 | Research | Feudal Age |
| 10:31 | Build | Barracks |
| 10:36 | Build | House |
| 10:41 | Queue | Villager (Male) |
| 10:41 | Queue | Villager (Male) |
| 11:06 | Build | House |
| 11:36 | Build | House |
| 11:49 | Build | Donjon |
| 11:53 | Age | Feudal Age |
| 11:57 | Queue | Villager (Male) |
| 11:57 | Queue | Villager (Male) |
| 12:07 | Build | Mining Camp |
| 12:16 | Build | House |
| 12:18 | Build | House |
| 12:23 | Build | Palisade Wall |
| 12:32 | Build | Palisade Wall |
| 12:35 | Queue | Serjeant |
| 12:35 | Queue | Serjeant |
| 12:35 | Queue | Serjeant |
| 12:43 | Build | Palisade Wall |
| 12:44 | Build | Palisade Wall |
| 12:45 | Build | Palisade Wall |
| 12:47 | Build | Palisade Wall |
| 12:48 | Build | Palisade Wall |
| 12:57 | Build | House |
| 13:05 | Build | House |
| 13:17 | Queue | Serjeant |
| 14:16 | Build | House |
| 14:21 | Queue | Serjeant |
| 14:21 | Queue | Serjeant |
| 14:21 | Queue | Serjeant |
| 14:39 | Queue | Serjeant |
| 14:52 | Build | Palisade Wall |
| 14:55 | Queue | Villager (Male) |
| 15:22 | Queue | Villager (Male) |
| 15:40 | Research | Loom |
| 16:06 | Queue | Villager (Male) |
| 16:06 | Queue | Villager (Male) |
| 16:27 | Queue | Villager (Male) |
| 16:29 | Build | Farm |
| 16:31 | Build | Farm |
| 16:35 | Build | Farm |
| 16:39 | Build | Farm |
| 16:48 | Queue | Serjeant |
| 17:15 | Build | Lumber Camp |
| 17:52 | Queue | Villager (Male) |
| 17:58 | Queue | Villager (Male) |
| 18:14 | Build | Farm |
| 18:15 | Build | Farm |
| 18:28 | Build | Farm |
| 18:41 | Build | Donjon |
| 18:45 | Queue | Villager (Male) |
| 18:51 | Build | Farm |
| 18:59 | Build | House |
| 19:15 | Queue | Serjeant |
| 19:20 | Build | Farm |
| 19:46 | Build | Farm |
| 19:47 | Build | Farm |
| 19:48 | Build | Farm |
| 19:51 | Queue | Villager (Male) |
| 20:10 | Queue | Villager (Male) |
| 20:21 | Build | Blacksmith |
| 20:24 | Queue | Villager (Male) |
| 20:45 | Queue | Villager (Male) |
| 20:55 | Queue | Villager (Male) |
| 20:57 | Build | Farm |
| 21:09 | Build | Farm |
| 21:10 | Build | Farm |
| 21:21 | Build | Palisade Wall |
| 21:40 | Build | House |
| 21:43 | Queue | Serjeant |
| 21:43 | Queue | Serjeant |
| 22:32 | Build | Donjon |
Match timeline
| 4:41 | Combi | Paloma 52 · first_building Barracks |
| 8:51 | massi2255 · wall_segment Palisade Wall x1 |
| 10:31 | massi2255 · first_building Barracks |
| 11:30 | Combi | Paloma 52 · age_up feudal |
| 11:49 | massi2255 · first_building Donjon |
| 11:53 | massi2255 · age_up feudal |
| 12:23 | massi2255 · wall_segment Palisade Wall x1 |
| 12:32 | massi2255 · wall_segment Palisade Wall x1 |
| 12:43 | massi2255 · wall_segment Palisade Wall x1 |
| 12:44 | massi2255 · wall_segment Palisade Wall x1 |
| 12:45 | massi2255 · wall_segment Palisade Wall x1 |
| 12:47 | massi2255 · wall_segment Palisade Wall x1 |
| 12:48 | massi2255 · wall_segment Palisade Wall x1 |
| 14:52 | massi2255 · wall_segment Palisade Wall x1 |
| 15:14 | Combi | Paloma 52 · wall_segment Stone Wall x15 |
| 15:27 | Combi | Paloma 52 · wall_segment Stone Wall x10 |
| 17:24 | Combi | Paloma 52 · wall_segment Stone Wall x9 |
| 18:00 | Combi | Paloma 52 · first_market_sell 100 food |
| 18:37 | Combi | Paloma 52 · wall_segment Stone Wall x18 |
| 20:42 | Combi | Paloma 52 · age_up castle |
| 21:02 | Combi | Paloma 52 · wall_segment Stone Wall x3 |
| 21:21 | massi2255 · wall_segment Palisade Wall x1 |
| 22:46 | massi2255 · resign |
[ AI ANALYSIS · 1 CREDIT ]
What really happened in this match?
Wolo.gg analyzes every decision: build order, eco, micro, common mistakes by bracket. Personalized analysis on WhatsApp or Discord in 30 seconds.
Civ guide
Bulgarians
Perfil
Jugador #2983505